 Dungeon Crawl Stone Soup version 0.26-a0-29-gb080af9 (webtiles) character file.

Game seed: 3401802509010755188, levelgen mode: deterministic

1 Balder the Grave Robber (level 1, -2/14 HPs)
             Began as a Hill Orc Necromancer on May 29, 2020.
             Slain by a frilled lizard (3 damage)
             ... on level 1 of the Dungeon.
             The game lasted 00:01:51 (194 turns).

Balder the Grave Robber (Hill Orc Necromancer)       Turns: 194, Time: 00:01:52

Health: -2/14      AC:  2    Str: 10    XL:     1   Next: 20%
Magic:  0/3        EV: 12    Int: 15    God:
Gold:   11         SH:  0    Dex: 11    Spells: 2/3 levels left

rFire    . . .     SeeInvis .   g - +0 short sword
rCold    . . .     Gourm    .   (no shield)
rNeg     . . .     Faith    .   a - +0 robe
rPois    .         Spirit   .   (no helmet)
rElec    .         Reflect  .   (no cloak)
rCorr    .         Harm     .   (no gloves)
MR       .....                  (no boots)
Stlth    ++........             (no amulet)
HPRegen  0.04/turn              (no ring)
MPRegen  0.08/turn              (no ring)

@: very slightly contaminated
A: no striking features
a: no special abilities


You were on level 1 of the Dungeon.
You were not hungry.

You visited 1 branch of the dungeon, and saw 1 of its levels.

You collected 11 gold pieces.

Inventory:

Hand Weapons
 g - a +0 short sword (weapon)
Armour
 a - a +0 robe (worn)
Scrolls
 b - a scroll of magic mapping {unknown}
 d - a scroll of amnesia {unknown}
 e - a scroll of blinking {unknown}
Potions
 f - a potion of degeneration {unknown}
Comestibles
 c - 2 rations


   Skills:
 + Level 1.5 Dodging
 * Level 1.5 Stealth
 + Level 1.5 Spellcasting
 * Level 4.0 Necromancy


You had 2 spell levels left.
You knew the following spells:

 Your Spells              Type           Power        Failure   Level  Hunger
a - Pain                  Necr           ##..         4%          1    ##.....

Your spell library contained the following spells:

 Spells                   Type           Power        Failure   Level  Hunger
 Animate Skeleton         Necr           N/A          4%          1    ##.....
 Vampiric Draining        Necr           ##........   13%         3    ####...
 Animate Dead             Necr           N/A          41%         4    #####..
 Agony                    Necr           ##......     77%         5    ######.


Dungeon Overview and Level Annotations

Branches:
Dungeon (1/15)

Altars:


Message History

You kill the kobold!
The frilled lizard bites you.
You see here a +0 dagger.
You closely miss the frilled lizard. The frilled lizard closely misses you.
You hit the frilled lizard but do no damage.
The frilled lizard misses you.
Casting: Pain (safe; 4% risk of failure)
Confirm with . or Enter, or press ? or * to list all spells.
Aiming: Pain (safe; 4% risk of failure)
Press: ? - help, Shift-Dir - straight line, f - frilled lizard
Aim: a frilled lizard (chance to defeat MR: 83%)
You miscast Pain.
You are very lightly contaminated with residual magic.
Nothing appears to happen.
The frilled lizard bites you.
* * * LOW HITPOINT WARNING * * *
You closely miss the frilled lizard. The frilled lizard closely misses you.
You barely miss the frilled lizard. The frilled lizard bites you.
* * * LOW HITPOINT WARNING * * *
The frilled lizard bites you.
You die...

#.§§≈...≈...≈.# #.#
###.≈≈≈≈≈.≈≈≈.#
#.#........§..§...# #
#.#########.≈≈≈.#.#
#.#######.#........§§...#.#
........######.≈≈§§.###.#
...#..#......§.§..#...#
##.#####(#..§≈≈≈≈≈≈§#####.###
........(..l@...§...........>
##?..#.((..################..
......####.# .# ...... ...# #
..... ##### ..... ...l ....


You could see a frilled lizard.

Vanquished Creatures
  A goblin (D:1)
  A kobold (D:1)
2 creatures vanquished.

Notes
Turn   | Place    | Note
-------+----------+-------------------------------------------
     0 | D:1      | Balder the Hill Orc Necromancer began the quest for the
                  | Orb.
     0 | D:1      | Reached XP level 1. HP: 14/14 MP: 3/3
   194 | D:1      | Slain by a frilled lizard

Illustrated notes

Levels and vault maps discovered:
D:1:      psy_arrival_radial02, layout_basic

Action                   || total
-------------------------++-------
Melee: Short sword       ||     6
 Cast: Pain              ||     3
Dodge: Dodged            ||     7

Table legend:
 A = Non-vault XP
 B = Vault XP
 C = Vault XP percentage of total XP
 D = Non-vault monster count
 E = Vault monster count
 F = Vault count percentage of total count
                 A         B        C        D         E       F
            +---------+---------+-------+---------+---------+-------
      Total |       2 |       0 |   0.0 |       2 |       0 |   0.0
            +---------+---------+-------+---------+---------+-------
        D:1 |       2 |       0 |   0.0 |       2 |       0 |   0.0
            +---------+---------+-------+---------+---------+-------
